[Event "Esbjerg Efterår 2024 - Esbjergmesterskabet"]
[Site "Esbjerg, Denmark"]
[Date "2024.10.19"]
[Round "5.1"]
[White "Jacobsen, Mikkel Manosri"]
[Black "Medhus, Vitus Bondo"]
[Result "1-0"]
[TimeControl "1.-3. 20 min + 5 sek, 4.-7. 90 min + 30 sek + 15 min efter 40 træk"]
[WhiteElo "2350"]
[BlackElo "2246"]

1. c4 e5 2. g3 Nf6 3. Bg2 d5 4. cxd5 Nxd5 5. Nf3 Nc6 6. O-O Be7 7. Nc3 Nb6 8. a3 O-O 9. d3 Be6 10.
Be3 f6 11. Rc1 Nd5 12. Nxd5 Bxd5 13. Qa4 Qe8 14. Qb5 Rd8 15. Rfe1 a6 16. Qxb7 Nd4 17. Qxc7 Nb3 18. Rc3 Rd7 19.
Qb6 Qa8 20. Nxe5 fxe5 21. Bxd5+ Rxd5 22. Qxb3 Kh8 23. Rec1 Bh4 24. Rc8 Rxc8 25. Rxc8+ Qxc8 26. Qxd5 Bf6 27. b4 h5 28. Bc5 h4 29.
a4 Qg4 30. Qa8+ Kh7 31. Qe4+ 1-0

[Event "Esbjerg Efterår 2024 - Esbjergmesterskabet"]
[Site "Esbjerg, Denmark"]
[Date "2024.10.19"]
[Round "5.2"]
[White "Løftgaard, Mikkel Vinh"]
[Black "Rossen, Claus"]
[Result "1-0"]
[TimeControl "1.-3. 20 min + 5 sek, 4.-7. 90 min + 30 sek + 15 min efter 40 træk"]
[WhiteElo "2209"]
[BlackElo "2072"]

1. e4 g6 2. d4 Bg7 3. h4 c5 4. c3 d5 5. e5 h5 6. Nf3 Bg4 7. Be2 e6 8. Bg5 Qb6 9. Nbd2 Nc6 10.
Be3 cxd4 11. Nxd4 Bxe2 12. Qxe2 Qd8 13. N2b3 Nxe5 14. Nc5 Qb6 15. Nb5 Nc4 16. Nxe6 Nxe3 17. Nec7+ Kf8 18. Nxa8 Nxg2+ 19. Kf1 Nf4 20. Nxb6 Nxe2 21. Nxd5 a6 22. Nbc7 1-0

[Event "Esbjerg Efterår 2024 - Esbjergmesterskabet"]
[Site "Esbjerg, Denmark"]
[Date "2024.10.19"]
[Round "5.3"]
[White "Perets, Dmytro"]
[Black "Guindy, Esmat Susanne"]
[Result "1-0"]
[TimeControl "1.-3. 20 min + 5 sek, 4.-7. 90 min + 30 sek + 15 min efter 40 træk"]
[WhiteElo "2152"]
[BlackElo "2025"]

1. e4 e6 2. d3 d5 3. Nd2 Nf6 4. Ngf3 c5 5. g3 Nc6 6. Bg2 b6 7. O-O Be7 8. Re1 O-O 9. e5 Nd7 10.
Nf1 Bb7 11. h4 h6 12. Bf4 Re8 13. N1h2 f5 14. exf6 Bxf6 15. c3 e5 16. Bc1 Qc7 17. Ng4 Rad8 18. Bxh6 gxh6 19. Nxh6+ Kf8 20.
Ng5 Ndb8 21. Qf3 Kg7 22. Nf5+ Kf8 23. Qh5 Rd7 24. Bxd5 Nd8 25. Qh6+ Bg7 26. Nh7# 1-0

[Event "Esbjerg Efterår 2024 - Esbjergmesterskabet"]
[Site "Esbjerg, Denmark"]
[Date "2024.10.19"]
[Round "5.4"]
[White "Iversen, Tobias"]
[Black "Hansen, Lars"]
[Result "0-1"]
[TimeControl "1.-3. 20 min + 5 sek, 4.-7. 90 min + 30 sek + 15 min efter 40 træk"]
[WhiteElo "1936"]
[BlackElo "2203"]

1. Nf3 Nf6 2. g3 d5 3. Bg2 c6 4. O-O Bg4 5. d4 e6 6. Nbd2 Nbd7 7. c4 Be7 8. b3 O-O 9. Bb2 Bh5 10.
Qe1 Ne4 11. Nxe4 dxe4 12. Nd2 f5 13. e3 Bb4 14. a3 Bxd2 15. Qxd2 Ne5 16.
Qc3 Nf3+ 17. Bxf3 Bxf3 18. d5 Rf6 19. dxe6 Rg6 20. Qe5 Qg5 0-1

[Event "Esbjerg Efterår 2024 - Esbjergmesterskabet"]
[Site "Esbjerg, Denmark"]
[Date "2024.10.19"]
[Round "5.5"]
[White "Bønnelykke, Ole"]
[Black "Saravana, Vedant Kumar"]
[Result "1/2-1/2"]
[TimeControl "1.-3. 20 min + 5 sek, 4.-7. 90 min + 30 sek + 15 min efter 40 træk"]
[WhiteElo "1988"]
[BlackElo "2115"]

1. Nf3 d5 2. g3 Nf6 3. Bg2 c5 4. O-O Nc6 5. d3 e5 6. Nc3 h6 7. e4 dxe4 8. dxe4 Bg4 9. h3 Qxd1 10.
Rxd1 Bxf3 11. Bxf3 Nd4 12. Bg2 Nxc2 13. Rb1 Rd8 14. Bd2 Bd6 15. g4 g5 16. Ne2 Nd4 17. Ng3 O-O 18. Bc3 Kh7 19.
f3 b5 20. b3 Nd7 21. Kf2 Nb6 22. Rh1 Kg6 23. h4 Rh8 24. Rbd1 c4 25. Rh3 b4 26. Bxd4 exd4 27. Nf5 c3 28.
Bf1 Bc5 29. Bd3 Nd7 30. Rdh1 Ne5 31. Ke2 f6 32. hxg5 fxg5 33. Rxh6+ Rxh6 34. Rxh6+ Kf7 35. Rh7+ Kf6 36. Rh6+ Kf7 37. Rh7+ 1/2-1/2

[Event "Esbjerg Efterår 2024 - Esbjergmesterskabet"]
[Site "Esbjerg, Denmark"]
[Date "2024.10.19"]
[Round "5.6"]
[White "Hye, Allan"]
[Black "Vinther, Christoffer"]
[Result "1-0"]
[TimeControl "1.-3. 20 min + 5 sek, 4.-7. 90 min + 30 sek + 15 min efter 40 træk"]
[WhiteElo "1988"]
[BlackElo "1800"]

1. Nf3 e6 2. b3 Nc6 3. Bb2 b6 4. d3 Nf6 5. Nbd2 Bb7 6. g3 Bc5 7. Bg2 O-O 8. O-O d5 9. c4 Ne7 10.
Bxf6 gxf6 11. Qc2 c6 12. Qb2 e5 13. b4 Bd6 14. c5 Bc7 15. a4 Rb8 16. Qc2 bxc5 17. bxc5 Bc8 18. Rab1 Be6 19.
Rxb8 Qxb8 20. h3 a5 21. Kh2 Qa7 22. e4 d4 23. Nh4 Rb8 24. g4 Rb4 25. Nf5 Ng6 26. Nf3 Bb3 27. Qd2 Nf4 28.
Ne7+ Kf8 29. Nxc6 Qxc5 30. Nxb4 axb4 31. Rc1 Qa5 32. Rxc7 Qxc7 33. Qxb4+ 1-0

[Event "Esbjerg Efterår 2024 - Esbjergmesterskabet"]
[Site "Esbjerg, Denmark"]
[Date "2024.10.19"]
[Round "5.7"]
[White "Husum, Lars"]
[Black "Jensen, Henrik Tranberg"]
[Result "0-1"]
[TimeControl "1.-3. 20 min + 5 sek, 4.-7. 90 min + 30 sek + 15 min efter 40 træk"]
[WhiteElo "2001"]
[BlackElo "2014"]

1. d4 Nf6 2. Bf4 g6 3. Nc3 Bg7 4. e4 O-O 5. e5 Ne8 6. Qd2 c5 7. d5 d6 8. Nf3 Bg4 9. Bh6 Bxf3 10.
Bxg7 Nxg7 11. gxf3 dxe5 12. Qe3 Nd7 13. Bh3 f5 14. Rd1 Nh5 15. Qh6 Rf6 16. Rg1 Nf4 17. Bf1 Qb6 18. Bb5 Nf8 19.
Rb1 Rd8 20. Bc4 Qb4 21. Bb3 c4 22. a3 Qc5 23. Ba2 Nxd5 24. Ne2 Ne6 25. h4 Nef4 26. h5 Rdd6 27. Ng3 Nh3 28. Rg2 g5 29.
Ne4 fxe4 30. Rxg5+ Nxg5 31. Qxg5+ Kf8 32. Qxe5 exf3 33. Kf1 Rde6 34. Qb8+ Kg7 35. Qg3+ Kf7 36. Rd1 Qd6 37. Qxd6 Rxd6 38.
Bxc4 e6 0-1

[Event "Esbjerg Efterår 2024 - Esbjergmesterskabet"]
[Site "Esbjerg, Denmark"]
[Date "2024.10.19"]
[Round "5.8"]
[White "Madsen, Svend"]
[Black "Paludan, Noah"]
[Result "1/2-1/2"]
[TimeControl "1.-3. 20 min + 5 sek, 4.-7. 90 min + 30 sek + 15 min efter 40 træk"]
[WhiteElo "1832"]
[BlackElo "1979"]

1. e4 c5 2. Nf3 d6 3. Bc4 Nf6 4. Qe2 Nc6 5. O-O e6 6. Re1 Be7 7. c3 O-O 8. a4 a6 9. Na3 d5 10.
exd5 exd5 11. Ba2 Bg4 12. h3 Bh5 13. d3 h6 14. Bd2 Bd6 15. g4 Nxg4 16. hxg4 Bxg4 17. Kg2 Ne5 18. Bxd5 Qf6 19.
Nc2 Rae8 20. Ne3 Qg6 21. Nxe5 Rxe5 22. Qxg4 Rg5 23. Qxg5 Qxg5+ 24. Kf1 Bf4 25. Bf3 b6 26. Ke2 Re8 27.
Kd1 Qd8 28. Kc2 Bg5 29. Rg1 Qd6 30. Rae1 Rd8 31. Be2 b5 32. Nf5 Qf6 33. f4 Qxf5 34. fxg5 c4 35. Rg3 hxg5 36. Rf1 cxd3+ 37. Bxd3 Qd5 38. axb5 axb5 39. Rf5 Qd6 40. Re3 b4 41. Rxg5 Qh2 42. c4 Rb8 43. Rgg3 1/2-1/2